 Dungeon Crawl Stone Soup version 0.29.1-4-g47bece8355 (webtiles) character file.

Game seed: 9162134108115724166

559 safid the Shooter (level 7, 0/64 HPs)
             Began as a Minotaur Hunter on Dec 1, 2022.
             Slain by a centaur (1 damage)
             ... on level 4 of the Dungeon.
             The game lasted 00:05:30 (1844 turns).

safid the Shooter (Minotaur Hunter)                 Turns: 1844, Time: 00:05:31

Health: 0/64       AC:  8    Str: 15    XL:     7   Next: 9%
Magic:  6/6        EV: 10    Int:  6    God:
Gold:   120        SH:  0    Dex: 16    Spells: 6/6 levels left

rFire   . . .      SeeInvis .   a - +0 shortbow
rCold   . . .      Faith    .   (shield currently unavailable)
rNeg    . . .      Spirit   .   l - +0 scale mail
rPois   .          Reflect  .   (helmet restricted)
rElec   .          Harm     .   g - +0 cloak
rCorr   .          Rampage  .   k - +0 pair of gloves
Will    .....                   (no boots)
Stlth   ..........              j - amulet of regeneration
HPRegen 1.00/turn               (no ring)
MPRegen 0.10/turn               (no ring)

@: no status effects
A: horns 2, retaliatory headbutt
a: no special abilities


You were on level 4 of the Dungeon.
You visited 1 branch of the dungeon, and saw 4 of its levels.

You collected 120 gold pieces.

Inventory:

Hand Weapons
 a - a +0 shortbow (weapon)
Armour
 g - a +0 cloak (worn)
 k - a +0 pair of gloves (worn)
 l - a +0 scale mail (worn)
Jewellery
 j - an amulet of regeneration (around neck)
Scrolls
 e - 4 scrolls of identify {unknown}
 f - a scroll of noise {unknown}
 i - 2 scrolls of teleportation {unknown}
 m - a scroll of poison {unknown}
 o - a scroll of magic mapping {unknown}
 p - a scroll of summoning {unknown}
Potions
 b - a potion of mutation {unknown}
 c - a potion of heal wounds {unknown}
 d - a potion of magic {unknown}
 h - 3 potions of curing {unknown}
 n - a potion of might {unknown}
 q - a potion of ambrosia {unknown}


   Skills:
 + Level 6.8 Fighting
 + Level 7.3 Ranged Weapons
 - Level 2.1 Dodging
 - Level 0.7 Stealth


You had 6 spell levels left.
You didn't know any spells.
Your spell library contained the following spells:

 Spells                   Type           Power      Damage    Failure   Level
 Summon Small Mammal      Summ           0%         N/A       91%         1
 Call Canine Familiar     Summ           0%         N/A       99%         3
 Summon Guardian Golem    Hex/Summ       0%         N/A       99%         3


Dungeon Overview and Level Annotations

Branches:
Dungeon (4/15)
 Temple: D:4-7

Altars:

Annotations:
D:4 Ijyb


Innate Abilities, Weirdness & Mutations

You have a pair of horns on your head.
You reflexively headbutt those who attack you in melee.


Message History

The centaur hits you but does no damage.
The centaur barely misses you. The centaur hits you.
* * * LOW HITPOINT WARNING * * *
The centaur kicks you but does no damage.
The centaur closely misses you. The centaur kicks you.
* * * LOW HITPOINT WARNING * * *
The centaur barely misses you. x2
An orc comes into view. It is wielding a +0 short sword.
The centaur attacks as you move away! The centaur misses you.
The centaur kicks you but does no damage.
The centaur wields a +0 shortbow.
The centaur shoots an arrow.
The arrow hits you.
* * * LOW HITPOINT WARNING * * *
The centaur wields a +0 shortbow.
The centaur shoots an arrow.
The arrow hits you.
* * * LOW HITPOINT WARNING * * *
The centaur unwields a +0 shortbow.
The centaur closely misses you. The centaur barely misses you.
The centaur unwields a +0 shortbow.
The centaur barely misses you. x3
The centaur kicks you but does no damage.
Unknown command.
Fire: a) +0 shortbow
Press: ? - help, Q - select action Shift-Dir - straight line, f/p - centaur
Aim: a centaur (moderately wounded, 76% to hit)
You shoot an arrow. The arrow hits the centaur.
The centaur is moderately wounded.
The centaur hits you.
* * * LOW HITPOINT WARNING * * *
The centaur kicks you but does no damage.
The centaur hits you.
* * * LOW HITPOINT WARNING * * *
The centaur kicks you but does no damage.
The centaur hits you.
* * * LOW HITPOINT WARNING * * *
The centaur barely misses you.
The centaur hits you but does no damage.
The centaur kicks you.
* * * LOW HITPOINT WARNING * * *
The centaur hits you.
You die... #....... ...... + ..$... .## .... ... #... #.# #..##o. #..#.# #ccg#

#@#...# #.##c..#
#.## ###..##.##.
#....###..........
#..........####
....##.#.#.### #.
. ##.###..###....
#.## ##.....#
##.###..####


You could see Ijyb, 2 centaurs and an orc.

Vanquished Creatures
  Grinder (D:4)
  Sigmund (D:2)
  An ogre (D:4)
  A phantom (D:4)
  2 gnolls (D:1)
  3 dart slugs (D:2)
  4 endoplasms
  2 giant cockroaches
  7 goblins
  5 hobgoblins (D:1)
  2 quokkas
  6 ball pythons
  5 bats (D:1)
  2 frilled lizards
  6 kobolds
  8 rats
56 creatures vanquished.

Notes
Turn   | Place    | Note
-------+----------+-------------------------------------------
     0 | D:1      | safid the Minotaur Hunter began the quest for the Orb.
     0 | D:1      | Reached XP level 1. HP: 18/18 MP: 0/0
    27 | D:1      | Reached XP level 2. HP: 22/26 MP: 1/1
   230 | D:1      | Reached skill level 5 in Ranged Weapons
   230 | D:1      | Reached XP level 3. HP: 31/31 MP: 2/2
  1118 | D:2      | Reached XP level 4. HP: 40/40 MP: 3/3
  1185 | D:2      | Noticed Sigmund
  1211 | D:2      | Killed Sigmund
  1212 | D:2      | Reached skill level 5 in Fighting
  1212 | D:2      | Reached skill level 6 in Ranged Weapons
  1212 | D:2      | Reached XP level 5. HP: 48/48 MP: 4/4
  1629 | D:3      | You fall into a shaft and drop 1 floor!
  1637 | D:4      | Noticed an ogre
  1642 | D:4      | Killed an ogre
  1643 | D:4      | Reached XP level 6. HP: 57/57 MP: 5/5
  1660 | D:4      | Noticed Grinder
  1674 | D:4      | Paralysed by Grinder for 4 turns
  1684 | D:4      | Paralysed by Grinder for 3 turns
  1689 | D:4      | Killed Grinder
  1690 | D:4      | Reached skill level 7 in Ranged Weapons
  1690 | D:4      | Reached XP level 7. HP: 26/64 MP: 6/6
  1837 | D:4      | Noticed Ijyb
  1844 | D:4      | HP: 2/64 [centaur (3)]
  1844 | D:4      | Slain by a centaur

Illustrated notes

Levels and vault maps discovered:
D:1:      saegor_arrival_simple_d, layout_basic, minmay_bisected
D:2:      layout_basic, uniq_sigmund
D:3:      layout_basic, dancing_weapons_uskayaw, jmf_multi_god_temple2,
          saegor_snake_ambush
D:4:      layout_loops_corners, yredelemnul_altar_generic, minmay_manual_mares,
          uniq_ijyb, uniq_blork_the_orc, uniq_grinder, uniq_natasha

Skill      XL: |  1  2  3  4  5  6 |
---------------+-------------------+-----
Fighting       | 3 4 5 6 |  6.8
Ranged Weapons | 5 6 7 |  7.3
Dodging        | |  2.1
Stealth        | |  0.7

Action                   |  1- 3 |  4- 6 |  7- 9 || total
-------------------------+-------+-------+-------++-------
 Fire: Shortbow          |   105 |    44 |    13 ||   162
Armor: Leather armour    |     7 |       |       ||     7
       Scale mail        |     5 |     5 |    11 ||    21
Dodge: Dodged            |    20 |     4 |    16 ||    40
